 Dungeon Crawl Stone Soup version bcrawl-1.19.2-6-g6a88ae04c9 (webtiles) character file.

Game seed: 15953050388389822749

22514 Banto the Nimble (level 12, -7/127 HPs)
             Began as a Grey Draconian Transmuter on Dec 19, 2019.
             Was the Champion of Cheibriados.
             Mangled by a cane toad (15 damage)
             ... on level 4 of the Lair of Beasts.
             The game lasted 00:21:57 (15629 turns).

Banto the Nimble (Grey Draconian Transmuter)       Turns: 15629, Time: 00:21:58

Health: -7/127     AC: 13    Str: 28    XL:     12   Next: 63%
Magic:  19/19      EV: 20    Int: 30    God:    Cheibriados [******]
Gold:   796        SH:  0    Dex: 30    Spells: 7/21 levels left

rFire    x . .     SeeInvis .     - Unarmed
rCold    + + +     Gourm    .   (shield currently unavailable)
rNeg     . . .     Faith    .   (armour unavailable)
rPois    +         Spirit   .   (helmet currently unavailable)
rElec    +         Reflect  .   (cloak currently unavailable)
rCorr    .         Harm     .   (gloves currently unavailable)
MR       ++...                  (boots currently unavailable)
Stlth    ++........             (no amulet)
HPRegen  0.31/turn              j - ring of insulation
MPRegen  0.16/turn              p - +5 ring of protection

@: ice-form, very slow
A: large, (walk through water), unfitting armour, AC +13
a: End Transformation, Bend Time, Temporal Distortion, Slouch, Step From Time,
Renounce Religion


You were on level 4 of the Lair of Beasts.
You worshipped Cheibriados.
Cheibriados was exalted by your worship.
You were not hungry.
You were a creature of crystalline ice.
You visited 3 branches of the dungeon, and saw 16 of its levels.
You also visited: Ossuary.

You collected 1234 gold pieces.
You spent 438 gold pieces at shops.

Inventory:

Hand Weapons
 l - a +3 dagger of venom
Missiles
 a - 1769 arrows
 F - 3 throwing nets (quivered) {!f}
Armour
 g - the +2 pair of gloves of Jigsaw (melded) {Int+4 Stlth+}
   (You bought it in a shop on level 6 of the Dungeon)

   It affects your intelligence (+4).
   It makes you more stealthy.
 m - a +2 shield
 y - a scarf of spirit shield (melded)
Jewellery
 j - a ring of insulation (left front paw)
 p - a +5 ring of protection (right front paw)
 r - an uncursed ring of positive energy
 x - an uncursed ring of see invisible
Wands
 t - a wand of digging (8)
 D - a wand of paralysis (5)
 E - a wand of clouds (8)
Scrolls
 e - 3 scrolls of immolation
 f - 8 scrolls of remove curse
 h - a scroll of fear
 n - 3 scrolls of fog
 q - 5 scrolls of identify
 u - 3 scrolls of teleportation
 w - 2 scrolls of enchant armour
 A - a scroll of magic mapping
Potions
 b - 8 potions of might
 c - a potion of cancellation
 k - 5 potions of flight
 o - 7 potions of curing
 s - 2 potions of invisibility
 v - 3 potions of brilliance
 z - 2 potions of magic
 B - 2 potions of lignification
 C - a potion of agility
Comestibles
 d - 30 rations {!d}
 i - 4 chunks of flesh


   Skills:
 - Level 10.0 Fighting
 - Level 10.1 Dodging
 - Level 10.0 Unarmed Combat
 - Level 5.1 Spellcasting
 + Level 4.5 Charms
 - Level 5.0 Necromancy
 - Level 10.0 Transmutations


You had 7 spell levels left.
You knew the following spells:

 Your Spells              Type           Power        Failure   Level  Hunger
a - Beastly Appendage     Tmut           ######       1%          1    None
b - Sticks to Snakes      Tmut           ######..     1%          2    None
c - Spider Form           Tmut/Pois      ###          2%          3    None
d - Ice Form              Ice/Tmut       #####...     8%          4    ###....
e - Animate Skeleton      Necr           N/A          1%          1    None
f - Regeneration          Chrm/Necr      #####.....   2%          3    None

Your spell library contained the following spells:

 Spells                   Type           Power        Failure   Level  Hunger
 Pain                     Necr           #####.       1%          1    None
 Vampiric Draining        Necr           #####.....   2%          3    None
 Blade Hands              Tmut           ######....   2%          5    #####..
 Flaming Arrows           Chrm/Fire      ###.....     3%          2    None
 Flame Tongue             Conj/Fire      #....        6%          1    None
 Animate Dead             Necr           N/A          8%          4    ###....
 Call Canine Familiar     Summ           #.......     17%         3    None
 Conjure Flame            Conj/Fire      #.......     17%         3    None
 Inner Flame              Hex/Fire       N/A          17%         3    None
 Sticky Flame             Conj/Fire      #.......     50%         4    ###....
 Summon Ice Beast         Ice/Summ       #.......     50%         4    ###....
 Bolt of Draining         Conj/Necr      ###.......   50%         5    #####..
 Fireball                 Conj/Fire      #.........   85%         5    #####..
 Summon Mana Viper        Hex/Summ       #.......     85%         5    #####..
 Summon Hydra             Summ           #.........   100%        6    ######.
 Monstrous Menagerie      Summ           #.........   100%        7    #######


Dungeon Overview and Level Annotations

Branches:
Dungeon (11/12)            Temple (1/1) D:5            Lair (4/6) D:9
  Swamp (0/3) Lair:2          Orc (0/1) D:9
  Snake: Lair:2-4    Spider: Lair:2-4    Vaults: D:11-12

Altars:
Cheibriados
Gozag
Hepliaklqana
Kikubaaqudgha
Lugonu
Nemelex Xobeh
Trog
Wu Jian
Zin

Shops:
D:4 [*   D:5 [   D:6 *[([

Portals:
Trove: D:10 (show slimy rune of Zot)

Annotations:
Lair:2 2 transporters
Lair:4 Nessos


Innate Abilities, Weirdness & Mutations

((You can walk through water.))
((Your dull iron-grey scales are very hard. (AC +13)))
You cannot fit into any form of body armour.
((You can survive without breathing.))
((You are cold-blooded and may be slowed by cold attacks.))


Message History

* * * LOW HITPOINT WARNING * * *
You barely miss the water moccasin.
You feel sick.
Nessos shoots an arrow.
The arrow hits you!
* * * LOW HITPOINT WARNING * * *
The arrow melts you.
You are more poisoned.
* * * LOW HITPOINT WARNING * * *
The water moccasin misses you.
Nessos shoots an arrow.
The arrow misses you. The cane toad hits you!
* * * LOW HITPOINT WARNING * * *
You are more poisoned.
The cane toad poisons you!
You feel better. The water moccasin misses you.
The cane toad barely misses you.
You punch the water moccasin!
The water moccasin seems to slow down.
You freeze the water moccasin.
The water moccasin is heavily wounded.
A porcupine comes into view.
The water moccasin misses you. The cane toad hits you!
You die...

≈≈≈......÷..#
♣.r.......###
♣♣♣........#
♣.......##
.♣.....>##
♣....c...# ####
.........##...#.#
#.....S.........P
.......Y.........
......F..........
.................
.................
......^..........
...........#.....
.............##..
......#....... ##


You could see Nessos, a cane toad, a water moccasin and a porcupine (wandering).

Vanquished Creatures
  A catoblepas (Lair:4)
  Harold (Lair:2)
  3 hydras
  Sonja (Lair:3)
  6 elephants (Lair:3)
  A black mamba (Lair:3)
  7 cane toads
  2 centaur skeletons
  A kobold demonologist (D:9)
  A rime drake (Lair:3)
  A queen bee (Lair:2)
  A hornet (D:5)
  A polar bear (Lair:4)
  Prince Ribbit (D:6)
  3 slime creatures (D:10)
  7 blink frogs
  A meliai zombie (D:9)
  3 hippogriffs
  A spriggan (D:8)
  A yak (Lair:4)
  A wyvern (D:10)
  3 hungry ghosts
  9 crocodiles
  4 swamp worms (Lair:2)
  6 water moccasins
  6 porcupines
  3 ice beasts
  3 sky beasts
  An orc warrior (D:9)
  3 black bears (D:9)
  2 phantoms
  A necrophage (D:8)
  5 boggarts (D:10)
  A centaur (D:5)
  7 wolves (Lair:1)
  2 ogres
  3 bullfrogs
  2 big kobolds
  A wyvern zombie (D:9)
  3 scorpions
  19 killer bees (Lair:2)
  17 wights
  3 howler monkeys
  5 crimson imps
  A quasit (D:8)
  3 hounds
  2 bullfrog skeletons
  Terence (D:2)
  A jelly (D:9)
  2 orc priests (D:10)
  8 orc wizards
  Jessica (D:2)
  2 iguanas
  2 worker ants
  A big kobold zombie (Ossuary)
  A hound zombie (D:6)
  A hound skeleton (D:4)
  8 mummies (Ossuary)
  Robin (D:2)
  A howler monkey skeleton (D:4)
  3 gnolls (D:4)
  6 adders
  A shadow imp (D:6)
  2 oozes
  An adder skeleton (D:7)
  A worm (D:1)
  3 dart slugs
  8 leopard geckos
  40 orcs
  A bat (D:1)
  2 giant cockroaches
  3 gnoll zombies (Ossuary)
  15 goblins
  10 hobgoblins
  4 jackals
  17 kobolds
  4 quokkas
  A ball python (D:5)
  3 frilled lizards
  2 goblin zombies (D:5)
  3 hobgoblin zombies (Ossuary)
  A kobold zombie (Ossuary)
  A rat (D:1)
322 creatures vanquished.

Vanquished Creatures (collateral kills)
  A black mamba (Lair:2)
  A komodo dragon (Lair:1)
  A tyrant leech (Lair:2)
  A hippogriff (Lair:2)
  2 water moccasins
  2 wolves (Lair:1)
  A fungus (Lair:1)
9 creatures vanquished.

Vanquished Creatures (others)
  25 fungi
  10 plants
35 creatures vanquished.

Grand Total: 366 creatures vanquished

Notes
Turn   | Place    | Note
-------+----------+-------------------------------------------
     0 | D:1      | Banto the Draconian Transmuter began the quest for the Orb.
     0 | D:1      | Reached XP level 1. HP: 16/16 MP: 3/3
   490 | D:1      | Reached XP level 2. HP: 22/23 MP: 5/5
  1015 | D:2      | Noticed Jessica
  1025 | D:2      | Killed Jessica
  1025 | D:2      | Reached XP level 3. HP: 23/28 MP: 6/6
  1362 | D:2      | Noticed Terence
  1375 | D:2      | Killed Terence
  1375 | D:2      | Reached XP level 4. HP: 34/35 MP: 7/7
  1590 | D:2      | Noticed Robin
  1649 | D:2      | Killed Robin
  1670 | D:2      | HP: 2/52 [poisoned by Robin]
  2164 | D:3      | Learned a level 2 spell: Sticks to Snakes
  2168 | D:3      | Learned a level 3 spell: Spider Form
  2383 | D:3      | Reached XP level 5. HP: 38/40 MP: 8/8
  2508 | D:3      | Found a bloodstained altar of Trog.
  2876 | D:4      | Reached skill level 5 in Unarmed Combat
  2894 | D:4      | Reached XP level 6. HP: 18/47 MP: 9/9
  3042 | D:4      | Found Zoeck's Assorted Antiques.
  3240 | D:4      | Reached skill level 5 in Transmutations
  3551 | D:4      | Found Biosakyu's Antique Armour Emporium.
  3741 | D:4      | Noticed a sky beast
  3761 | D:4      | Killed a sky beast
  3906 | D:4      | Your scales start taking on a dull iron-grey colour.
  3906 | D:4      | Reached XP level 7. HP: 30/52 MP: 4/10
  3906 | D:4      | Gained mutation: You can survive without breathing. [Grey
                  | Draconian growth]
  4987 | D:5      | Entered Level 5 of the Dungeon
  5001 | D:5      | Noticed a hornet
  5012 | D:5      | Killed a hornet
  5255 | D:5      | Found Zicohocwe's Antique Armour Shop.
  5290 | D:5      | Found a sand-covered staircase.
  5299 | D:5      | Learned a level 4 spell: Ice Form
  5314 | Ossuary  | Entered an ossuary
  5503 | Ossuary  | Reached XP level 8. HP: 30/59 MP: 9/11
  6084 | D:5      | Found a staircase to the Ecumenical Temple.
  6523 | Temple   | Entered the Ecumenical Temple
  6534 | Temple   | Became a worshipper of Cheibriados the Contemplative
  7213 | D:6      | Found a corrupted altar of Lugonu.
  7213 | D:6      | Found an ancient bone altar of Kikubaaqudgha.
  7273 | D:6      | Found Bacriubb's Assorted Antiques.
  7324 | D:6      | Noticed Prince Ribbit
  7335 | D:6      | Killed Prince Ribbit
  7383 | D:6      | Found Plog's Armour Emporium.
  7410 | D:6      | Reached * piety under Cheibriados
  7555 | D:6      | Found Wosankyt's Weapon Boutique.
  7628 | D:6      | Reached XP level 9. HP: 64/64 MP: 7/12
  7773 | D:6      | Found Sogra's Armour Shoppe.
  7776 | D:6      | Bought the +2 pair of gloves of Jigsaw {Int+4 Stlth+} for
                  | 438 gold pieces
  9383 | D:8      | Reached skill level 10 in Unarmed Combat
  9556 | D:8      | Reached skill level 10 in Transmutations
  9570 | D:8      | Reached ** piety under Cheibriados
  9731 | D:9      | Reached XP level 10. HP: 70/78 MP: 2/13
  9895 | D:9      | Found a staircase to the Lair.
  9907 | D:9      | Reached skill level 5 in Fighting
  9928 | D:9      | Reached *** piety under Cheibriados
  9938 | D:9      | Reached skill level 5 in Dodging
 10426 | D:9      | Found a staircase to the Orcish Mines.
 10573 | D:9      | Found a sparkling altar of Nemelex Xobeh.
 10723 | D:10     | Entered Level 10 of the Dungeon
 10908 | D:10     | Found a portal to a secret trove of treasure.
 11055 | D:10     | Reached **** piety under Cheibriados
 11780 | D:10     | Reached XP level 11. HP: 94/94 MP: 14/14
 12058 | Lair:1   | Entered Level 1 of the Lair of Beasts
 12150 | Lair:1   | Learned a level 1 spell: Animate Skeleton
 13018 | Lair:2   | Learned a level 3 spell: Regeneration
 13058 | Lair:2   | Reached ***** piety under Cheibriados
 13496 | Lair:2   | Noticed a five-headed hydra
 13510 | Lair:2   | Killed a five-headed hydra
 13514 | Lair:2   | Found a staircase to the Swamp.
 13514 | Lair:2   | Found a transporter.
 13624 | Lair:2   | Noticed a fire crab
 13629 | Lair:2   | Noticed a fire crab
 13648 | Lair:2   | Noticed Harold
 13658 | Lair:2   | Killed Harold
 13757 | Lair:2   | Reached skill level 10 in Fighting
 13891 | Lair:2   | Reached skill level 5 in Spellcasting
 13978 | Lair:2   | Reached XP level 12. HP: 106/106 MP: 19/19
 14023 | Lair:2   | Found a transporter.
 14275 | Lair:3   | Noticed Sonja
 14291 | Lair:3   | Noticed a seven-headed hydra
 14300 | Lair:3   | Killed a seven-headed hydra
 14303 | Lair:3   | Killed Sonja
 14303 | Lair:3   | Reached skill level 10 in Dodging
 14425 | Lair:3   | Reached skill level 1 in Charms
 14425 | Lair:3   | Reached skill level 1 in Necromancy
 14447 | Lair:3   | HP: 1/127 [elephant (11)]
 14450 | Lair:3   | Reached ****** piety under Cheibriados
 15513 | Lair:4   | Noticed a catoblepas
 15515 | Lair:4   | Noticed Nessos
 15523 | Lair:4   | Killed a catoblepas
 15608 | Lair:4   | Noticed a four-headed hydra
 15619 | Lair:4   | Killed a four-headed hydra
 15626 | Lair:4   | Reached skill level 5 in Necromancy
 15627 | Lair:4   | HP: 3/127 [cane toad (14)]
 15629 | Lair:4   | Mangled by a cane toad

Skill      XL: |  1  2  3  4  5  6  7  8  9 10 11 12 |
---------------+-------------------------------------+-----
Transmutations | 3 4 5 6 8 10 | 10.0
Unarmed Combat | 4 5 6 7 8 10 | 10.0
Dodging        | 3 6 9 10 | 10.1
Fighting       | 3 7 10 | 10.0
Spellcasting   | 5 |  5.1
Charms         | 4 |  4.5
Necromancy     | 5 |  5.0

Action                   |  1- 3 |  4- 6 |  7- 9 | 10-12 || total
-------------------------+-------+-------+-------+-------++-------
Melee: Unarmed           |    42 |     9 |   358 |   465 ||   874
       Kick              |     4 |       |     6 |       ||    10
       Tailslap          |     9 |    24 |    40 |    29 ||   102
       Short sword       |    36 |    40 |       |       ||    76
       Dagger            |       |   147 |    90 |       ||   237
       Punch             |       |     5 |    11 |    11 ||    27
       Headbutt          |       |       |     7 |       ||     7
 Cast: Beastly Appendage |     4 |       |     4 |     2 ||    10
       Spider Form       |       |     1 |     5 |       ||     6
       Sticks to Snakes  |       |       |     9 |     2 ||    11
       Ice Form          |       |       |     4 |     6 ||    10
       Animate Skeleton  |       |       |       |    28 ||    28
Invok: Bend Time         |       |       |       |     1 ||     1
 Abil: End Transformatio |       |       |     1 |       ||     1
Evoke: Wand              |       |       |       |     2 ||     2
  Use: Scroll            |     4 |     7 |     7 |     5 ||    23
       Potion            |       |     2 |     1 |     4 ||     7
 Stab: Sleeping          |       |     1 |     5 |    10 ||    16
       Distracted        |       |       |     1 |     4 ||     5
  Eat: Chunk             |     2 |     6 |    12 |    14 ||    34
       Ration            |       |       |     3 |       ||     3
Armor: Skin              |    18 |    52 |   168 |   237 ||   475
Dodge: Dodged            |    43 |    98 |   285 |   493 ||   919
